Map: Orbital Shipyard

Players

Quonzar - Winner!

  • Race: Zerg Zerg

Bop

  • Race: Terran Terran

VOD

Have the link to the VOD?

Description

Time

  • Played on: May 6, 2015, 10:44 p.m.
  • Length: 16:17
Show
View Real Time Build Order
Export as new Build Order

Quonzar Zerg - Winner!

Build Orders: Hatch First, Lurkers 

Get SALT Encoding   

  12  0:01  Drone  
  13  0:12  Overlord  
  13  0:17  Drone  
  14  0:30  Drone  
  14  0:31  Drone  
  16  0:37  Drone  
  17  0:51  Hatchery  
  17  0:54  Drone  
  18  0:57  Drone  
  18  0:59  Extractor  
  17  1:06  Drone  
  18  1:17  Spawning Pool  
  18  1:18  Drone  
  18  1:29  Drone  
  19  1:38  Overlord  
  19  1:54  Drone  
  20  2:04  Metabolic Boost, Queen x2  
  20  2:05  Zergling x4  
  26  2:12  Drone  
  27  2:16  Drone  
  27  2:22  Drone  
  29  2:25  Drone  
  30  2:34  Drone  
  30  2:37  Overlord  
  31  2:39  Queen  
  31  2:43  Queen  
  35  2:46  Drone  
  36  2:57  Drone  
  36  2:58  Overlord  
  37  3:00  Drone  
  38  3:06  Drone  
  38  3:07  Evolution Chamber  
  38  3:15  Drone x4  
  42  3:23  Drone  
  42  3:24  Drone x3  
  46  3:31  Drone x2  
  46  3:33  Zerg Missile Weapons Level 1, Extractor  
  46  3:35  Extractor  
  46  3:38  Overlord  
  46  3:39  Drone  
  46  3:49  Drone x4  
  46  3:50  Lair  
  46  3:51  Drone  
  46  3:54  Roach Warren  
  50  3:58  Overlord  
  50  3:59  Overlord  
  50  4:00  Drone x2  
  52  4:05  Drone x2  
  54  4:13  Spore Crawler  
  54  4:14  Spore Crawler  
  52  4:24  Hatchery  
  52  4:26  Drone x2  
  52  4:27  Drone  
  54  4:34  Overlord  
  54  4:49  Drone x4  
  54  4:50  Glial Reconstitution  
  54  4:51  Roach x3, Extractor  
  63  4:57  Overlord x2  
  63  5:00  Drone  
  63  5:02  Drone  
  63  5:03  Drone, Hydralisk Den  
  63  5:04  Evolution Chamber, Drone  
  65  5:10  Roach x2  
  69  5:28  Drone x2  
  69  5:29  Drone x6  
  77  5:40  Drone x2  
  77  5:41  Drone x2  
  77  5:42  Zerg Missile Weapons Level 2  
  75  5:43  Zerg Ground Armor Level 1  
  75  5:46  Hydralisk x3  
  81  5:52  Overlord  
  81  5:53  Overlord  
  81  6:00  Spore Crawler  
  80  6:05  Hydralisk x4  
  80  6:09  Hydralisk  
  88  6:17  Hydralisk x3  
  88  6:18  Hydralisk  
  94  6:21  Extractor  
  94  6:22  Roach, Extractor  
  94  6:23  Roach  
  94  6:24  Drone x3  
  94  6:25  Drone, Lurker Den  
  100  6:32  Drone x3  
  103  6:41  Drone x2  
  105  6:50  Hatchery  
  105  6:51  Drone x4  
  108  6:57  Hydralisk x3  
  114  7:04  Overlord x3  
  112  7:09  Ravager  
  113  7:22  Roach x6  
  127  7:23  Roach x3  
  112  7:31  Roach x2  
  112  7:32  Roach  
  112  7:36  Roach  
  102  7:38  Roach x6  
  102  7:40  Roach x2  
  117  7:46  Roach x2  
  117  7:48  Hydralisk  
  112  7:55  Hydralisk x2  
  112  7:57  Queen  
  112  7:58  Queen  
  112  8:00  Hydralisk  
  112  8:02  Ravager x2  
  112  8:03  Ravager  
  112  8:05  Zergling x6  
  113  8:08  Roach x4  
  116  8:26  Hatchery  
  115  8:30  Lurker x2  
  118  8:34  Drone x5  
  118  8:35  Drone x3  
  118  8:36  Drone x2  
  127  8:44  Lurker x2  
  129  8:48  Queen  
  129  8:49  Extractor  
  129  8:50  Extractor  
  129  8:52  Overlord x4  
  129  8:53  Overlord  
  129  9:04  Extractor  
  122  9:17  Hydralisk  
  122  9:18  Hydralisk x7  
  124  9:24  Roach  
  124  9:25  Roach x3  
  126  9:32  Hydralisk x2  
  126  9:35  Roach x2  
  131  9:46  Hydralisk x4  
  131  9:51  Drone x2  
  136  9:57  Lurker  
  137  10:03  Overlord  
  137  10:12  Lurker x3  
  140  10:19  Roach x6  
  152  10:24  Spine Crawler  
  152  10:25  Hydralisk x3  
  152  10:26  Spine Crawler  
  152  10:27  Spine Crawler  
  152  10:28  Overlord x2  
  155  10:33  Spine Crawler  
  155  10:34  Hydralisk x3  
  160  10:36  Spine Crawler  
  160  10:38  Lurker  
  158  10:47  Hydralisk x4  
  147  10:50  Roach x2  
  147  10:55  Drone x3, Queen  
  156  10:59  Lurker x2  
  158  11:07  Roach  
  158  11:08  Roach x3  
  166  11:12  Hydralisk x3  
  166  11:14  Overlord x2  
  172  11:20  Roach x3  
  178  11:28  Hydralisk  
  178  11:31  Ravager  
  178  11:32  Ravager x2  
  183  11:36  Ravager  
  183  11:38  Roach x4  
  192  11:45  Overseer  
  192  11:51  Roach x4  
  200  11:56  Hatchery  
  186  12:05  Hydralisk x7  
  174  12:12  Roach x5  
  174  12:14  Roach  
  149  12:34  Hydralisk x2  
  149  12:35  Hydralisk x2  
  159  12:37  Roach x5  
  159  12:38  Roach x3  
  173  12:51  Lurker x3  
  176  12:55  Overlord x2  
  176  12:59  Spine Crawler  
  176  13:01  Spine Crawler x3  
  176  13:02  Spine Crawler  
  176  13:03  Spine Crawler  
  176  13:05  Hydralisk x5  
  180  13:21  Lurker x3  
  180  13:26  Hydralisk x2  
  187  13:28  Zergling x8  
  187  13:29  Zergling x14  
  188  13:41  Roach  
  188  13:42  Roach x5  
  178  14:05  Drone x4  
  178  14:07  Hydralisk  
  178  14:08  Hydralisk x5  
  186  14:23  Hydralisk x4  
  186  14:34  Spine Crawler x2  
  175  14:49  Roach x7  
  150  15:24  Lurker x4  
  150  15:25  Lurker  
  150  15:28  Roach x2  
  157  15:29  Roach x7  
  173  15:41  Ravager x3  
  172  15:57  Hatchery  
Show
View Real Time Build Order
Export as new Build Order

Bop Terran 

Build Orders: Command Center First (CC), Siege Tank Drop 

Get SALT Encoding   

  12  0:01  SCV  
  13  0:13  SCV  
  14  0:25  SCV  
  14  0:27  Supply Depot  
  15  0:49  SCV  
  16  0:58  Command Center  
  16  1:01  SCV  
  17  1:10  Barracks  
  17  1:14  SCV  
  18  1:20  Refinery  
  18  1:27  SCV  
  19  1:39  SCV  
  20  1:42  Barracks  
  20  1:54  Supply Depot  
  21  1:57  Marine  
  21  2:01  Orbital Command  
  21  2:10  Orbital Command  
  21  2:21  Marine  
  22  2:26  Factory  
  22  2:29  SCV  
  23  2:31  Marine  
  23  2:35  SCV  
  25  2:41  Marine  
  25  2:43  SCV  
  27  2:49  SCV  
  28  2:51  Refinery  
  28  2:53  Marine  
  28  2:55  SCV  
  30  3:00  Marine  
  30  3:01  SCV  
  32  3:07  SCV  
  33  3:17  Factory Tech Lab, Starport  
  33  3:18  Marine x2  
  33  3:19  SCV x2  
  36  3:31  Command Center  
  36  3:35  SCV x2  
  36  3:37  Barracks Reactor  
  36  3:38  Barracks Tech Lab  
  38  3:47  SCV x2  
  40  3:50  Siege Tank  
  40  3:54  Supply Depot  
  43  3:59  SCV x2  
  45  4:05  Marine  
  45  4:09  Refinery  
  46  4:15  SCV x2, Medivac  
  46  4:16  Marine x2  
  52  4:18  Barracks x2  
  52  4:23  Marine  
  53  4:28  SCV  
  54  4:34  SCV  
  54  4:41  Supply Depot  
  54  4:42  Supply Depot, Siege Tank, SCV, Marine x2  
  54  4:44  Refinery  
  60  4:45  Orbital Command  
  60  4:46  SCV  
  60  4:51  Marine  
  62  4:54  SCV  
  62  4:57  Medivac  
  62  4:58  SCV  
  66  5:00  Marine x2  
  66  5:06  SCV  
  69  5:09  Marine  
  69  5:10  Barracks Reactor, Barracks Tech Lab, SCV  
  71  5:17  Orbital Command  
  71  5:18  Marine x2  
  71  5:19  SCV  
  74  5:22  SCV  
  74  5:27  Marine  
  76  5:30  Marine  
  76  5:31  SCV, Siege Tank  
  81  5:35  Marine x2  
  83  5:45  Marine  
  83  5:46  SCV  
  83  5:47  SCV x2  
  83  5:48  Marine x2  
  89  5:53  Marine x2  
  89  5:55  Missile Turret  
  91  5:59  Marine  
  91  6:03  Marine  
  93  6:08  SCV x2, Medivac, Siege Tank, Marine  
  101  6:22  Combat Shields  
  101  6:25  Supply Depot  
  101  6:26  Supply Depot x2  
  101  6:29  Armory, Engineering Bay  
  101  6:32  Engineering Bay  
  101  6:44  SCV x2, Marine x6  
  109  6:47  SCV  
  110  6:56  SCV x2  
  110  6:58  Barracks  
  110  6:59  SCV, Barracks  
  113  7:02  Marine x6  
  113  7:05  Stimpack  
  119  7:20  Marine  
  112  7:24  Marine x5  
  112  7:25  Siege Tank, Medivac  
  112  7:26  SCV x2  
  112  7:37  Marine  
  112  7:41  Terran Infantry Weapons Level 1, Terran Vehicle and Ship Weapons Level 1  
  112  7:42  Terran Infantry Armor Level 1, SCV, Marine x5  
  112  7:43  SCV x2  
  121  7:45  Refinery x2  
  118  7:54  SCV  
  118  7:55  Marine  
  118  7:56  Barracks Reactor, Barracks Tech Lab  
  118  7:57  Siege Tank  
  121  8:00  Marine  
  121  8:01  Command Center  
  121  8:02  Marine x4  
  121  8:05  Starport Reactor  
  125  8:13  Marine  
  125  8:15  Missile Turret  
  125  8:17  Marine  
  119  8:20  Marine x2  
  119  8:21  Marine x3  
  119  8:23  SCV x3  
  127  8:29  Siege Tank  
  127  8:31  Marine  
  131  8:35  Marine  
  131  8:37  Factory  
  131  8:38  Marine  
  133  8:54  Supply Depot  
  133  8:56  Supply Depot  
  133  8:57  Supply Depot  
  133  9:08  Barracks  
  133  9:10  Barracks  
  133  9:13  Siege Tank, Marine x9  
  135  9:19  Medivac  
  135  9:22  Medivac  
  115  9:24  Factory Tech Lab  
  115  9:31  Marine x9  
  117  9:45  Siege Tank, Barracks x2  
  119  9:46  Barracks  
  119  9:48  Marine x3  
  119  9:50  Marine x4  
  119  9:51  Marine x2  
  123  9:53  Siege Tank, Medivac x2  
  130  10:01  Terran Infantry Weapons Level 2  
  130  10:02  Terran Infantry Armor Level 2  
  130  10:03  Barracks Reactor  
  130  10:05  Barracks Reactor  
  130  10:06  Marine x3  
  133  10:17  Siege Tank  
  133  10:18  Planetary Fortress  
  136  10:21  Missile Turret  
  136  10:22  Terran Vehicle and Ship Weapons Level 2  
  136  10:24  Marine x3  
  136  10:25  Marine x2  
  136  10:26  Marine x4  
  145  10:31  Siege Tank  
  148  10:36  Refinery x2  
  148  10:42  Marine x4  
  148  10:45  Marine  
  148  10:46  Marine x5  
  148  10:49  Siege Tank  
  127  10:56  Barracks Tech Lab  
  124  10:57  Barracks Tech Lab x2  
  124  10:58  Marauder  
  124  10:59  Marauder x2  
  130  11:07  Marine x2  
  132  11:19  Marauder x2, Marine x7  
  132  11:20  Siege Tank, Marauder x3  
  152  11:31  Command Center  
  152  11:36  Marine x4  
  152  11:37  Siege Tank, Marine  
  160  11:41  Marauder x2  
  164  11:48  Marine x6  
  164  11:53  Marine x2  
  172  12:00  Marine x2  
  172  12:02  Siege Tank  
  172  12:05  Marine x6  
  136  12:09  Marine  
  136  12:10  Siege Tank  
  136  12:12  Marine x2  
  134  12:18  Terran Infantry Weapons Level 3  
  134  12:20  Terran Infantry Armor Level 3  
  133  12:23  Marine x4  
  133  12:24  Marine  
  114  12:33  Marine x4  
  114  12:34  Siege Tank  
  121  12:39  Marine x5  
  121  12:43  Siege Tank, Orbital Command  
  129  12:48  Medivac  
  129  12:49  Medivac  
  129  12:50  Marine x6  
  139  13:09  Marine x6  
  139  13:10  Marine x5  
  139  13:11  Siege Tank  
  153  13:17  Siege Tank  
  153  13:18  Medivac  
  153  13:19  SCV x2  
  160  13:44  Marine x4  
  160  13:45  Marine x2  
  166  13:48  Siege Tank  
  166  13:49  Siege Tank  
  166  13:55  Medivac  
  161  14:03  Marine x8  
  163  14:18  Marine x3  
  163  14:19  Medivac  
  163  14:21  Siege Tank x2  
  164  14:30  Marine x2  
  164  14:31  Marauder x2  
  170  14:33  Marine x5  
  175  14:41  Marine x7  
  175  14:43  Medivac  
  177  14:48  Marine x2  
  177  14:51  Supply Depot, Marine  
  172  14:53  Siege Tank x2  
  173  15:01  Marine  
  174  15:13  Marauder x3, Marine x3  
  137  15:21  Marauder x2, Marine x4  
  137  15:24  Medivac x2  
  137  15:25  Marauder, Siege Tank, Marine x3  
  155  15:34  Marauder x2  
  155  15:35  Marauder  
  161  15:38  Marine  
  161  15:43  Marauder x2  
  161  15:46  Marauder  
  165  15:56  Marauder  
Tags
 
Add a new tag
Caveats
  • Supply blocks, unpowered buildings, or Contaminate may cause inaccurate times.
  • Supply counts are checked every 10 seconds.